 Dungeon Crawl Stone Soup version 0.30-a0-534-gdc55766716 (webtiles) character file.

Game seed: 16671959512056070013

302 arthad the Trooper (level 6, -2/47 HPs)
             Began as a Djinni Cinder Acolyte on Dec 24, 2022.
             Was a Priest of Ignis.
             Slain by Pargi (6 damage)
             ... on level 3 of the Dungeon.
             The game lasted 00:05:17 (2251 turns).

arthad the Trooper (Djinni Cinder Acolyte)          Turns: 2251, Time: 00:05:18

Health: -2/47      AC:  3    Str: 15    XL:     6   Next: 65%
Gold:   128        EV: 12    Int: 16    God:    Ignis [***...] SH:  0 Dex:  8

rFire   + + +      SeeInvis .    a - -1 hand axe (flame)
rCold   x . .      Faith    .    (no shield)
rNeg    . . .      Spirit   .    b - +0 robe
rPois   ∞          Reflect  .    (no helmet)
rElec   .          Harm     .    i - +0 cloak
rCorr   .          Rampage  .    (no gloves)
Will    .....                    (boots unavailable)
Stlth   +                        (no amulet)
HPRegen 0.27/turn                (no ring)
MPRegen 0.00/turn                (no ring)

@: flying
A: sickness immunity, fire resistance 2, cold vulnerability 1, float, innate
caster, HP casting, extra vitality 1
a: Renounce Religion, Fiery Armour, Foxfire Swarm, Rising Flame


You were on level 3 of the Dungeon.
You worshipped Ignis.
Ignis was most pleased with you.
You visited 1 branch of the dungeon, and saw 3 of its levels.

You collected 128 gold pieces.

Inventory:

Hand Weapons
 a - a -1 hand axe of flaming (weapon)
 g - a +1 vorpal spear
Armour
 b - a +0 robe (worn)
 c - the +1 helmet "Myrreted" {Harm Will- Int+5 Dex+4}
   (You took it off Robin on level 2 of the Dungeon)

   Int:       It affects your intelligence (+5).
   Dex:       It affects your dexterity (+4).
   Harm:      It increases damage dealt and taken.
   Will:      It decreases your willpower.
 i - a +0 cloak (worn)
Wands
 f - a wand of quicksilver (5)
 o - a wand of paralysis (4)
 p - a wand of flame (5)
Scrolls
 d - 2 scrolls of immolation {unknown}
 k - a scroll of poison {unknown}
 n - a scroll of identify {unknown}
Potions
 e - a potion of mutation {unknown}
 h - a potion of brilliance {unknown}
 j - a potion of cancellation {unknown}
 l - a potion of might {unknown}
 m - a potion of flight {unknown}


   Skills:
 * Level 4.2 Fighting
 * Level 3.4 Axes
 + Level 1.7 Armour
 + Level 2.1 Dodging
 + Level 1.4 Stealth
 * Level 3.2 Spellcasting


You had 6 spell levels left.
You knew the following spells:

 Your Spells              Type           Power      Damage    Failure   Level
a - Scorch                Fire           24%        2d6       8%          2
b - Sting                 Tmut/Pois      48%        1d5       4%          1
c - Poisonous Vapours     Pois/Air       24%        N/A       8%          2
Your spell library was empty.

Dungeon Overview and Level Annotations

Branches:
Dungeon (3/15)

Altars:
Ru

Annotations:
D:3 Pargi


Innate Abilities, Weirdness & Mutations

You are immune to sickness and miasma.
You are immune to poison.
Your flesh is very heat resistant. (rF++)
You are vulnerable to cold. (rC-)
You float through the air rather than walking.
You learn spells naturally, not from books.
Your magical power is your life essence.
You have superior vitality. (+4 MHP)


Message History

Press: ? - help, Dir - move target, f/p - Pargi
Aim: Pargi (moderately wounded, extremely poisoned) Poisonous vapours surround Pargi!
Pargi looks as sick as possible!
You hit Pargi but do no damage.
Pargi is moderately wounded.
Pargi bites you. Pargi misses you. Pargi claws you.
You hit Pargi. You burn Pargi.
Pargi is heavily wounded.
Pargi barely misses you. x2; Pargi claws you.
You hit Pargi. You burn Pargi.
Pargi is severely wounded.
Pargi bites you! Pargi closely misses you. Pargi claws you but does no damage.
You closely miss Pargi.
Pargi is severely wounded.
Pargi hisses menacingly.
Pargi bites you. Pargi barely misses you. Pargi closely misses you.
You closely miss Pargi.
Pargi is severely wounded.
Pargi bites you.
* * * LOW HITPOINT WARNING * * *
Pargi claws you.
* * * LOW HITPOINT WARNING * * *
Pargi claws you.
* * * LOW HITPOINT WARNING * * *
Pargi bites you.
* * * LOW HITPOINT WARNING * * *
Pargi claws you.
* * * LOW HITPOINT WARNING * * *
Pargi claws you.
* * * LOW HITPOINT WARNING * * *
Unknown command.
Casting: Poisonous Vapours (safe; 8% risk of failure)
Confirm with . or Enter, or press ? or * to list all spells.
Flames lash the orc.
You kill the orc!
* * * LOW HITPOINT WARNING * * *
You hear a shout!
Pargi clenches his teeth.
Pargi bites you.
You die...

######## ##....>.##
#######
##........###....<#
#..........##.....#
#.....)....##.....#
#..........##...>.#
##..........##.....#
....))......##.....#
..#........###..@..#.#.
................T.......
...............#.#...###
.#..............).#..#
.#...........###.....#
##..........## #.#[...#
............# .......#
#..........## ...#.#..
#..#......... .[.....


You could see Pargi (very poisoned).

Vanquished Creatures
  Sigmund (D:3)
  An orc wizard (D:3)
  Robin (D:2)
  3 adders (D:2)
  2 worms (D:2)
  6 orcs (D:3)
  2 endoplasms
  3 giant cockroaches (D:2)
  11 goblins
  5 hobgoblins
  2 jackals (D:1)
  7 kobolds
  3 quokkas
  2 ball pythons
  3 bats
  A frilled lizard (D:3)
  3 rats
56 creatures vanquished.

Vanquished Creatures (others)
  47 foxfires
47 creatures vanquished.

Grand Total: 103 creatures vanquished

Notes
Turn   | Place    | Note
-------+----------+-------------------------------------------
     0 | D:1      | arthad the Djinni Cinder Acolyte began the quest for the
                  | Orb.
     0 | D:1      | arthad set off with the following spells memorised: Scorch.
     0 | D:1      | Reached XP level 1. HP: 20/20 MP: 0/0
   131 | D:1      | Found a faded altar of an unknown god.
   292 | D:1      | Reached XP level 2. HP: 18/25 MP: 0/0
  1053 | D:2      | Identified the +1 helmet "Myrreted" {Harm Will- Int+5
                  | Dex+4}
  1053 | D:2      | Noticed Robin
  1061 | D:2      | Reached XP level 3. HP: 8/30 MP: 0/0
  1061 | D:2      | Learned a level 1 spell: Sting
  1061 | D:2      | HP: 1/30 [Robin/bolt of dispelling energy (7)]
  1064 | D:2      | Killed Robin
  1237 | D:2      | Reached skill level 1 in Dodging
  1237 | D:2      | Reached XP level 4. HP: 32/35 MP: 0/0
  1338 | D:2      | Reached skill level 1 in Armour
  1939 | D:3      | Reached skill level 1 in Stealth
  1939 | D:3      | Reached XP level 5. HP: 21/41 MP: 0/0
  1939 | D:3      | Learned a level 2 spell: Poisonous Vapours
  2039 | D:3      | Found a sacrificial altar of Ru.
  2040 | D:3      | Noticed Sigmund
  2052 | D:3      | Killed Sigmund
  2053 | D:3      | Reached skill level 4 in Fighting
  2053 | D:3      | Reached XP level 6. HP: 37/47 MP: 0/0
  2238 | D:3      | Noticed Pargi
  2251 | D:3      | Slain by Pargi

Illustrated notes

Levels and vault maps discovered:
D:1:      evilmike_arrival_crescent, layout_loops_corners,
          basic_ecumenical_altar
D:2:      layout_basic, minmay_hexomino_u4, uniq_robin
D:3:      layout_rooms, mainiacjoe_overflow_six_doors_small, serial_glass,
          glass_columns_a, glass_columns_a, uniq_pargi, uniq_sigmund

Skill      XL: |  1  2  3  4  5 |
---------------+----------------+-----
Dodging        | 1 2 |  2.1
Armour         | 1 |  1.7
Axes           | 3 |  3.4
Stealth        | 1 |  1.4
Fighting       | 4 |  4.2
Spellcasting   | 3 |  3.2

Action                   |  1- 3 |  4- 6 || total
-------------------------+-------+-------++-------
Melee: Hand axe          |    67 |   104 ||   171
 Cast: Scorch            |     3 |     2 ||     5
       Poisonous Vapours |       |     7 ||     7
Invok: Foxfire Swarm     |     2 |     1 ||     3
       Fiery Armour      |     1 |       ||     1
  Use: Potion            |     1 |       ||     1
Armor: Robe              |    13 |    38 ||    51
Dodge: Dodged            |    40 |    75 ||   115

Table legend: (Time is in decaauts)
 A = Elapsed time spent in this place.
 B = Non-inter-level travel time spent in this place.
 C = Inter-level travel time spent in this place.
 D = Time resting spent in this place.
 E = Time spent auto-exploring this place.
 F = Levels seen in this place.
 G = Mean time per level.
                   A        B        C        D        E       F      G
               +--------+--------+--------+--------+--------+-----+--------+
         Total |   2280 |   2242 |     38 |    168 |   1665 |   3 |  760.0 |
       Dungeon |   2280 |   2242 |     38 |    168 |   1665 |   3 |  760.0 |
               +--------+--------+--------+--------+--------+-----+--------+

Top non-repeatable levels by time:
     D:1: 1155 daAuts
     D:2: 782 daAuts
     D:3: 341 daAuts
